[Event "*** SCC Grand Prix: Titled Tuesday Blitz"]
[Site "Chess.com"]
[Date "2020.09.08"]
[Round "1"]
[White "poummba"]
[Black "Ashedu66"]
[Result "1-0"]
[WhiteElo "2532"]
[BlackElo "2177"]
[TimeControl "180+1"]
[EndTime "10:07:39 PDT"]
[Termination "poummba won on time"]

1. d4 d5 2. c4 c6 3. Nf3 Nf6 4.
cxd5 cxd5 5. Nc3 Nc6 6. Bf4 a6 7. e3 Bf5 8. Rc1 Rc8 9. Qb3 b5 10. Ne5 Nxe5 11. Bxe5 Ne4 12. Be2 Nxc3 13. Rxc3 Rxc3 14.
Qxc3 Bd7 15. O-O e6 16. Rc1 f6 17. Bg3 Be7 18. Qc7 O-O 19. Qxd8 Bxd8 20. Bc7 Kf7 21. Bxd8 Rxd8 22. Rc7 Ke7 23. f4 Rc8 24. Rc5 Rxc5 25. dxc5 e5 26. b4 Bc6 27. Kf2 Ke6 28. g3 f5 29. Ke1 d4 30. Kd2 dxe3+ 31. Kxe3 e4 32. Kd4 g6 33. a3 h5 34. Bd1 Bd7 35. Bb3+ Kf6 36. Bg8 Ke7 37. Ke5 Be8 38. Bb3 e3 39. Bd1 Bc6 40. Be2 1-0

[Event "*** SCC Grand Prix: Titled Tuesday Blitz"]
[Site "Chess.com"]
[Date "2020.09.08"]
[Round "1"]
[White "LuisFSiles"]
[Black "Volodar_Murzin"]
[Result "1-0"]
[WhiteElo "2338"]
[BlackElo "2638"]
[TimeControl "180+1"]
[EndTime "10:07:41 PDT"]
[Termination "LuisFSiles won by checkmate"]

1. e4 c5 2. c3 d6 3. d4 Nf6 4. f3 cxd4 5. cxd4 Nc6 6. d5 Ne5 7. Nc3 e6 8. Bb5+ Bd7 9. Bxd7+ Qxd7 10. Nge2 Be7 11. O-O O-O 12. Kh1 Kh8 13. b3 Rfc8 14. Bb2 b5 15. dxe6 fxe6 16. Nd4 b4 17. Nce2 d5 18.
exd5 Nxd5 19. Qd2 Bf6 20. Rad1 Qf7 21. Ng3 Nc3 22. Ne4 Nxe4 23. fxe4 Qe7 24. Nf3 Nxf3 25.
Rxf3 Bxb2 26. Qxb2 Rf8 27. Qf2 Rxf3 28. Qxf3 Rf8 29.
Qd3 h6 30. h3 a5 31. Qd6 Qf6 32. Rd3 Qf1+ 33. Kh2 Rf6 34. Qd8+ Kh7 35. e5 Qf4+ 36. Kg1 Qxe5 37. Qd4 Qe1+ 38. Kh2 e5 39. Qg4 Qf2 40. Rg3 Qf4 41. Qxg7# 1-0

[Event "*** SCC Grand Prix: Titled Tuesday Blitz"]
[Site "Chess.com"]
[Date "2020.09.08"]
[Round "1"]
[White "alejogarcia1999"]
[Black "chito89"]
[Result "0-1"]
[WhiteElo "2370"]
[BlackElo "2718"]
[TimeControl "180+1"]
[EndTime "10:07:42 PDT"]
[Termination "chito89 won by resignation"]

1. Nf3 Nf6 2. g3 d5 3. Bg2 Bg4 4. O-O Nbd7 5. c4 e6 6. cxd5 exd5 7. d3 Be7 8. Nc3 O-O 9. h3 Bxf3 10. Bxf3 c6 11. e4 dxe4 12. dxe4 Re8 13. Be3 Bc5 14.
Bg5 h6 15. Bxf6 Qxf6 16. Bg2 Rad8 17. Qc2 Ne5 18. Rad1 Nf3+ 19. Kh1 Nd4 20. Qc1 Bb6 21. Na4 h5 22. Nxb6 axb6 23. h4 c5 24. Qg5 Qxg5 25.
hxg5 Ne6 26. f4 h4 27. Kh2 hxg3+ 28. Kxg3 Nd4 29. e5 Nc2 30. Kf2 Nb4 31. Bxb7 Nd3+ 32. Kf3 Nxb2 33. Rb1 Nc4 34. Kg2 Ne3+ 35. Kf2 Nxf1 36.
Kxf1 Rd2 37. a4 Ra2 38. Rxb6 Rd8 39. Bf3 Rxa4 40. Rb1 Rxf4 41. Kg2 Rf5 42. Re1 Rd2+ 43. Kg3 Rd3 44. Rf1 g6 45. Kg4 Rd4+ 46. Kg3 Rxg5+ 47.
Kh3 Rxe5 48. Bg4 Re3+ 49. Kh4 Ree4 50. Kg5 Rxg4+ 0-1

[Event "*** SCC Grand Prix: Titled Tuesday Blitz"]
[Site "Chess.com"]
[Date "2020.09.08"]
[Round "1"]
[White "MarceloPlaya"]
[Black "Rozum_Ivan"]
[Result "0-1"]
[WhiteElo "2369"]
[BlackElo "2717"]
[TimeControl "180+1"]
[EndTime "10:07:42 PDT"]
[Termination "Rozum_Ivan won on time"]

1. e4 c6 2. d4 d5 3. e5 Bf5 4. g4 Bd7 5. Nc3 e6 6. Be3 Qc7 7. Qd2 c5 8. O-O-O cxd4 9. Bxd4 Nc6 10.
f4 Nxd4 11. Qxd4 Bc5 12. Qd3 O-O-O 13. Nf3 h5 14. gxh5 Rxh5 15. Nd4 Ne7 16. Be2 Rh6 17. Rdg1 g6 18. Rg2 Rdh8 19. Kb1 Rh3 20. Qd2 Qb6 21. Ndb5 Qa5 22. Nd6+ Bxd6 23. exd6 Nf5 24. a3 Nxd6 25.
Qd4 Qb6 26. Qf6 R8h7 27. Ka1 d4 28. Nd1 Qc5 29. Nf2 Re3 30. Nd3 Qd5 31. Rhg1 a5 32. Qe7 Nf5 33. Qf8+ Kc7 34. Ne5 Rxe5 35. fxe5 Qxe5 36.
Bf3 Qd6 37. Qa8 Qb6 38. Rd2 a4 39. Rgd1 Qc5 40. Qxb7+ Kd6 41. Qb8+ Ke7 42. Be4 Ne3 43. Re1 e5 44. Bd3 Qd6 45. Qa7 Rh8 46. Qa5 Rb8 47. c3 f6 48. cxd4 Qxd4 0-1

[Event "*** SCC Grand Prix: Titled Tuesday Blitz"]
[Site "Chess.com"]
[Date "2020.09.08"]
[Round "1"]
[White "ecwinslow"]
[Black "1977Ivan"]
[Result "0-1"]
[WhiteElo "2303"]
[BlackElo "2624"]
[TimeControl "180+1"]
[EndTime "10:07:42 PDT"]
[Termination "1977Ivan won on time"]

1. e4 c5 2. Nf3 e6 3. d4 cxd4 4. Nxd4 Nc6 5. Nc3 Qc7 6. Be3 a6 7. Qf3 Ne5 8. Qg3 h5 9. Nf5 f6 10. f4 Ng4 11. O-O-O Kf7 12. Nh4 g5 13. Bd4 gxh4 14.
Qxh4 Qxf4+ 15. Kb1 Ne7 16. h3 Ng6 17. Qe1 N4e5 18.
Be3 h4 19. Bxf4 Nxf4 20. Bd3 Bh6 21. Qf2 Bg5 22. Rhf1 Ke7 23. Ne2 Nfg6 24. Ng1 d6 25. Nf3 Nxf3 26. Qxf3 Ne5 27. Qf2 Bd7 28. Qb6 Rhc8 29.
Rf2 Rab8 30. Rdf1 Rc6 31. Qb3 b5 32. Be2 Rc5 33. Bh5 a5 34. a3 b4 35. a4 Rc4 36. Bf3 Rbc8 37. Rd1 R8c5 38. Re2 Bc6 39.
Rf2 Bb7 40. Re2 Bc6 41. Rf2 Nd7 42. Re2 Nb6 43. Qd3 Nc8 44. e5 Bxf3 45. gxf3 d5 46.
Qh7+ Kd8 47. exf6 Bxf6 0-1

[Event "*** SCC Grand Prix: Titled Tuesday Blitz"]
[Site "Chess.com"]
[Date "2020.09.08"]
[Round "1"]
[White "BAS8892"]
[Black "PauloCesarCosta_sad"]
[Result "1-0"]
[WhiteElo "2612"]
[BlackElo "2288"]
[TimeControl "180+1"]
[EndTime "10:07:42 PDT"]
[Termination "BAS8892 won on time"]

1. d4 d5 2. c4 c6 3. Nc3 Nf6 4. Nf3 e6 5. e3 Nbd7 6. Qc2 Bd6 7. Be2 O-O 8. O-O Qe7 9. b3 dxc4 10. bxc4 e5 11.
h3 exd4 12. exd4 Re8 13. Bd3 h6 14. Bb2 Nf8 15. Rfe1 Qc7 16. d5 Rxe1+ 17. Rxe1 Bd7 18. dxc6 Bxc6 19. Nb5 Bxb5 20. cxb5 Qxc2 21. Bxc2 Re8 22. Rd1 Bc5 23. Kf1 Ne4 24. Bxe4 Rxe4 25. Rd8 f6 26. Nd4 Bxd4 27. Bxd4 b6 28. f3 Re7 29. Bc3 Rd7 30. Ra8 Kf7 31. Ke2 Ne6 32. g3 Nc5 33.
Bd2 Re7+ 34. Be3 g5 35. Kd2 Ne6 36. a4 Rd7+ 37. Kc3 Rc7+ 38. Kb4 Rd7 39. a5 bxa5+ 40.
Kxa5 Rd3 41. Bxa7 Rxf3 42. b6 Rxg3 43. Rc8 Nd8 44. Rxd8 Ra3+ 45. Kb4 Ra1 46. b7 Rb1+ 47. Kc4 Rxb7 48. Bd4 1-0

[Event "*** SCC Grand Prix: Titled Tuesday Blitz"]
[Site "Chess.com"]
[Date "2020.09.08"]
[Round "1"]
[White "Ranindu2003"]
[Black "esrosenberg"]
[Result "1-0"]
[WhiteElo "2571"]
[BlackElo "2242"]
[TimeControl "180+1"]
[EndTime "10:07:42 PDT"]
[Termination "Ranindu2003 won by checkmate"]

1. e4 e5 2. Nf3 Nc6 3. Bb5 a6 4. Ba4 Nf6 5. O-O Be7 6. d3 b5 7. Bb3 O-O 8. a3 d6 9. Nc3 Na5 10. Ba2 c5 11. b4 cxb4 12. axb4 Nc6 13. Nd5 Nxd5 14. Bxd5 Bb7 15. c3 Kh8 16. d4 exd4 17. Nxd4 Qc7 18. Nf5 Bf6 19. Ra3 Rad8 20. Bf4 Ne5 21.
Bxb7 Qxb7 22. Qd5 Qxd5 23. exd5 Nc4 24. Rxa6 Bxc3 25. Rb1 g6 26. Nxd6 Nxd6 27. Rxd6 Rxd6 28. Bxd6 Rd8 29. Bc5 Rxd5 30. g3 Rd2 31. Be3 Re2 32. Kg2 Rb2 33. Rxb2 Bxb2 34. Kf3 Bc3 35. Bc5 Kg7 36.
Ke4 Kf6 37. Bd4+ Bxd4 38. Kxd4 Kf5 39. f3 g5 40. Kc5 g4 41. fxg4+ Kxg4 42. Kxb5 Kh3 43.
Kc4 Kxh2 44. b5 Kxg3 45. b6 f5 46. b7 f4 47. b8=Q h5 48. Kd3 h4 49. Ke4 h3 50.
Qxf4+ Kg2 51. Qf3+ Kh2 52. Qg4 Kh1 53. Qxh3+ Kg1 54. Qg3+ Kh1 55. Qf3+ Kg1 56. Qe2 Kh1 57. Kf3 Kg1 58. Qg2# 1-0

[Event "*** SCC Grand Prix: Titled Tuesday Blitz"]
[Site "Chess.com"]
[Date "2020.09.08"]
[Round "1"]
[White "PawnEatingZombie"]
[Black "ASVZ"]
[Result "0-1"]
[WhiteElo "2140"]
[BlackElo "2517"]
[TimeControl "180+1"]
[EndTime "10:07:42 PDT"]
[Termination "ASVZ won on time"]

1. d4 e6 2. c4 b6 3. e4 Bb7 4. Nc3 Bb4 5. Qc2 Qh4 6. Bd3 f5 7. Nf3 Bxc3+ 8. Qxc3 Qg4 9. exf5 Qxg2 10. Rg1 Qxf3 11. d5 Na6 12. Qxg7 O-O-O 13. Be2 Qxf5 14.
Qxh8 Nf6 15. Qg7 Nb4 16. Kf1 Nd3 17. Qg3 Ne4 18. Qf3 Qxf3 19. Bxf3 exd5 20. cxd5 Bxd5 21. Bxe4 Bxe4 22. Be3 Nxb2 23. Rg7 d5 24. Rc1 Nc4 25.
Bf4 Rd7 26. Rxd7 Kxd7 27. Ke2 c5 28. f3 Bg6 29. h4 b5 30. Rg1 d4 31. h5 d3+ 32.
Kf2 Bf5 33. Rg7+ Kc6 34. Rxa7 b4 35. Ra6+ Kb5 36. Rf6 Bc8 37. Rh6 Bf5 38. Rf6 Bc8 39. Rf7 Nb6 40. Rxh7 Nd5 41. Rf7 Be6 42. Rf8 c4 43. h6 c3 44. h7 Nxf4 45. Rxf4 d2 46. h8=Q d1=Q 47. Qb8+ Kc6 48. Qa8+ Kd6 49. Qa6+ Ke7 50.
Qe2 Qh1 51. Re4 Qh2+ 52. Ke1 Qg1+ 53. Qf1 Qg5 0-1

[Event "*** SCC Grand Prix: Titled Tuesday Blitz"]
[Site "Chess.com"]
[Date "2020.09.08"]
[Round "1"]
[White "NikolaGry"]
[Black "Duong57"]
[Result "1-0"]
[WhiteElo "2615"]
[BlackElo "2292"]
[TimeControl "180+1"]
[EndTime "10:07:43 PDT"]
[Termination "NikolaGry won by checkmate"]

1. b3 d5 2. Bb2 Nf6 3. Nf3 Bg4 4. e3 e6 5. c4 c6 6. Nc3 Bd6 7. h3 Bh5 8. g4 Bg6 9. Nh4 Nbd7 10. Nxg6 hxg6 11.
Bg2 Qe7 12. Qc2 Nb6 13. d3 O-O-O 14. O-O-O Kb8 15. Kb1 Rc8 16. Qe2 Rhd8 17. g5 Ne8 18.
h4 Ba3 19. Ba1 Qb4 20. h5 gxh5 21. Rxh5 Nd6 22. Rh4 Nf5 23. Rg4 d4 24. Ne4 Qa5 25.
Ng3 dxe3 26. fxe3 Ne7 27. Ne4 Nf5 28. Rf4 Be7 29. Bh3 g6 30. Nf6 Bxf6 31. Bxf6 Rd7 32.
e4 Nd4 33. Qd2 Qxd2 34. Rxd2 c5 35. Rdf2 Rcc7 36. Be5 Nc8 37. Rxf7 Nd6 38. Rxd7 Rxd7 39. Bxd4 cxd4 40. Bxe6 Re7 41. Bd5 b6 42. Rf6 Kc7 43.
Rxg6 Ne8 44. b4 Kd7 45. c5 Nc7 46. Bc6+ Kc8 47. Rg8+ Ne8 48. Rxe8+ Rxe8 49. Bxe8 Kc7 50. g6 bxc5 51. g7 Kd8 52. g8=Q c4 53. Qf7 cxd3 54.
Qd7# 1-0

[Event "*** SCC Grand Prix: Titled Tuesday Blitz"]
[Site "Chess.com"]
[Date "2020.09.08"]
[Round "1"]
[White "Jospem"]
[Black "chenxiaoyuer"]
[Result "1-0"]
[WhiteElo "2931"]
[BlackElo "2459"]
[TimeControl "180+1"]
[EndTime "10:07:44 PDT"]
[Termination "Jospem won by checkmate"]

1. e4 c5 2. Nf3 d6 3. c3 Nf6 4. h3 Nc6 5. Bd3 d5 6. e5 c4 7.
Bc2 Nd7 8. Qe2 g6 9. b3 Bg7 10.
e6 fxe6 11. bxc4 Nde5 12. Nxe5 Nxe5 13. Na3 O-O 14. O-O b6 15. cxd5 exd5 16. d4 Nc6 17. Bg5 Bf6 18. Bh6 Re8 19. f4 a6 20. Kh1 Qd6 21. Nb1 Na5 22. Nd2 Qc6 23. Rac1 b5 24. f5 gxf5 25. Bxf5 Bxf5 26. Rxf5 Kh8 27. Bg5 Bxd4 28.
cxd4 Qxc1+ 29. Kh2 Nc6 30. Nf3 Qb1 31. Qe6 Qe4 32.
Ne5 Nxe5 33. Rxe5 Qg6 34. Qxd5 Rad8 35. Qc5 Rd7 36. d5 Qd6 37. Qd4 Kg8 38. Bf4 Qf6 39. Qe4 Qg6 40. Rg5 Qxg5 41. Bxg5 Rd6 42. Bf4 Rg6 43. d6 e6 44. Qc6 Rd8 45. Qc7 Rf8 46. d7 Rgf6 47. d8=Q Rxd8 48. Qxd8+ Rf8 49. Qg5+ Kh8 50.
Be5+ Rf6 51. Bxf6# 1-0

[Event "*** SCC Grand Prix: Titled Tuesday Blitz"]
[Site "Chess.com"]
[Date "2020.09.08"]
[Round "1"]
[White "chessmachine14"]
[Black "CaspiIsrael"]
[Result "0-1"]
[WhiteElo "2320"]
[BlackElo "2652"]
[TimeControl "180+1"]
[EndTime "10:07:45 PDT"]
[Termination "CaspiIsrael won by checkmate"]

1. e4 e5 2. Nf3 Nc6 3. Bb5 g6 4. d4 exd4 5. c3 a6 6. Bc4 b5 7.
Bb3 Bg7 8. cxd4 d6 9. Bd5 Nge7 10. Bg5 f6 11. Bxc6+ Nxc6 12. Be3 O-O 13. O-O Bb7 14. Nc3 Re8 15. Re1 Qd7 16. a3 h6 17. Qd2 Kh7 18. Rad1 Na5 19. Qc2 Nc4 20. Bc1 Re7 21.
b3 Nb6 22. h3 Rae8 23. d5 f5 24. Nh4 Bf6 25. Nxg6 Kxg6 26. exf5+ Kh7 27. Re6 Rf7 28. Ne4 Qd8 29. Bb2 Bxb2 30. Qxb2 Nxd5 31. Rxd5 Bxd5 32. Rxe8 Qxe8 33. Nf6+ Rxf6 34. Qxf6 Qe1+ 35. Kh2 Qe5+ 36. Qxe5 dxe5 37. b4 Kg7 38. Kg3 Kf6 39. Kg4 Bxg2 40. h4 Be4 41. Kh5 Bxf5 42. Kxh6 Bg6 43. h5 Bf5 44. f3 c6 45. a4 bxa4 46. f4 a3 47. fxe5+ Kxe5 48. Kg5 a2 49. h6 a1=Q 50. h7 Bxh7 51. Kh6 Kf6 52. Kxh7 Qg1 53. Kh8 Kf7 54. Kh7 Qg7# 0-1

[Event "*** SCC Grand Prix: Titled Tuesday Blitz"]
[Site "Chess.com"]
[Date "2020.09.08"]
[Round "1"]
[White "TregubovP"]
[Black "Chess_Dog06"]
[Result "1-0"]
[WhiteElo "2602"]
[BlackElo "2273"]
[TimeControl "180+1"]
[EndTime "10:07:45 PDT"]
[Termination "TregubovP won on time"]

1. e4 c6 2. c4 d5 3. exd5 cxd5 4.
cxd5 Nf6 5. Nc3 Nbd7 6. Nf3 Nb6 7. Bb5+ Bd7 8. Qb3 g6 9. O-O Bg7 10. d6 e6 11. d4 O-O 12. Bf4 Nfd5 13. Be5 Rc8 14. Rac1 a6 15. Bxd7 Qxd7 16. Ne4 Rxc1 17. Rxc1 Rc8 18. Nc5 Qb5 19. Qxb5 axb5 20. Kf1 Nd7 21.
Bxg7 Kxg7 22. Ke2 b6 23. Nd3 Nf4+ 24. Kd2 Rxc1 25. Nxc1 Nxg2 26. Nd3 Kf6 27. Nfe5 Nf8 28. Kc3 g5 29. Kb4 Nf4 30. Nxf4 gxf4 31. Kxb5 Kf5 32.
f3 f6 33. d7 Nxd7 34. Nxd7 e5 35. dxe5 fxe5 36. Kc4 e4 37. fxe4+ Kxe4 38. Nf6+ Kf5 39. Nd5 f3 40. Kd3 Kg4 41. Ke3 b5 42. b3 Kh3 43.
Kxf3 Kxh2 44. a4 bxa4 45. bxa4 Kg1 46. a5 h5 47. a6 h4 48. Nf4 h3 49. Nxh3+ Kh2 50.
Nf4 1-0

[Event "*** SCC Grand Prix: Titled Tuesday Blitz"]
[Site "Chess.com"]
[Date "2020.09.08"]
[Round "1"]
[White "dretch"]
[Black "jeetjain"]
[Result "1-0"]
[WhiteElo "2773"]
[BlackElo "2398"]
[TimeControl "180+1"]
[EndTime "10:07:46 PDT"]
[Termination "dretch won by resignation"]

1. d4 d5 2. c4 e6 3. Nc3 Be7 4. cxd5 exd5 5. Bf4 Nf6 6. e3 Bf5 7. Qb3 Nc6 8. Nf3 O-O 9. Be2 Na5 10. Qa4 c6 11. O-O b5 12. Qd1 Nc4 13. b3 Nb6 14. Ne5 Rc8 15. a4 b4 16. Na2 a5 17. Ba6 Rc7 18.
Nc1 Bd6 19. Bd3 Bxd3 20. Ncxd3 Ne4 21. Rc1 f6 22. Nf3 Bxf4 23. Nxf4 Qd6 24. Qd3 Rfc8 25. Qa6 c5 26. Qxa5 c4 27. Qb5 Nc3 28. Rxc3 bxc3 29. a5 Nd7 30. b4 Rb8 31. Qxd5+ Qxd5 32. Nxd5 Ra7 33. Ne7+ Kf7 34. Nc6 Rab7 35. a6 Rxb4 36. a7 Ra8 37. Nxb4 Rxa7 38. Rc1 Nb6 39. Ne1 Ra3 40.
Nec2 Rb3 41. e4 f5 42. exf5 Kf6 43. g4 h5 44. h3 Kg5 45. f3 Kf4 46. Kf2 Rb2 47. Re1 Nd5 48. Re4+ Kg5 49. Nxd5 Rxc2+ 50. Ke3 Rh2 51. Nxc3 Rxh3 52. gxh5 Kxf5 53. Re5+ Kf6 54. Ne4+ Kf7 55. Ng5+ 1-0

[Event "*** SCC Grand Prix: Titled Tuesday Blitz"]
[Site "Chess.com"]
[Date "2020.09.08"]
[Round "1"]
[White "JesseKraai"]
[Black "HouseOfDurin"]
[Result "1-0"]
[WhiteElo "2510"]
[BlackElo "2113"]
[TimeControl "180+1"]
[EndTime "10:07:46 PDT"]
[Termination "JesseKraai won on time"]

1. d4 Nf6 2. c4 c5 3. e3 cxd4 4. exd4 g6 5. Nc3 Bg7 6. d5 O-O 7. Nf3 d6 8. Bd3 Nbd7 9. O-O Ne5 10. Nxe5 dxe5 11. Re1 Nd7 12. Be3 f5 13. f3 b6 14.
Bf2 Nf6 15. Bf1 e6 16. dxe6 Bxe6 17. Rxe5 Bf7 18. Re1 Rc8 19. Qb3 Qc7 20. Rad1 Bxc4 21. Bxc4+ Qxc4 22. Re7 Qxb3 23. axb3 Rf7 24. Rxf7 Kxf7 25.
Nb5 Rc2 26. Bd4 a6 27. Nd6+ Ke6 28. Nc4 b5 29. Re1+ Kd7 30. Ne5+ Kd6 31. Rd1 Ke6 32.
Nd3 Nh5 33. Bxg7 Nxg7 34. Ra1 Rd2 35. Rxa6+ Kd5 36. Nf4+ Ke5 37. g3 g5 38. Ra7 gxf4 39.
Rxg7 fxg3 40. hxg3 Rxb2 41. Rxh7 Rxb3 42. Kg2 Rb2+ 43.
Kh3 b4 44. f4+ Kf6 45. Rb7 Rb1 46. Rb6+ Kf7 47. Kh4 b3 48. Kg5 b2 49. Kxf5 Ke7 50. g4 Kf7 51. g5 Kg7 52. Rb7+ Kf8 53. g6 Ke8 54. Kf6 Rf1 55. Rxb2 Rxf4+ 56. Kg5 1-0

[Event "*** SCC Grand Prix: Titled Tuesday Blitz"]
[Site "Chess.com"]
[Date "2020.09.08"]
[Round "1"]
[White "bascheyaro"]
[Black "Mostii"]
[Result "1/2-1/2"]
[WhiteElo "2738"]
[BlackElo "2395"]
[TimeControl "180+1"]
[EndTime "10:07:47 PDT"]
[Termination "Game drawn - insufficient material"]

1. d4 e6 2. Nf3 Nf6 3. c4 b6 4. Nc3 Bb7 5. g3 g6 6. Bg2 Ne4 7. Qd3 Nxc3 8. Qxc3 Bg7 9. O-O O-O 10. Bg5 Qe8 11. Qd2 d6 12. Bh6 Nd7 13. Bxg7 Kxg7 14. Rfe1 a5 15. e4 e5 16. b3 Qe7 17. Rad1 Rae8 18.
h3 Bc8 19. Kh2 h6 20. Qc3 Qf6 21. a3 exd4 22. Qxd4 Bb7 23. b4 axb4 24. axb4 Ne5 25. Nxe5 Qxe5 26. c5 bxc5 27. bxc5 dxc5 28. Qxe5+ Rxe5 29.
Rd7 Rfe8 30. Rxc7 Bxe4 31. f4 R5e6 32. Rxc5 Bxg2 33. Rxe6 Rxe6 34. Kxg2 Re3 35. f5 Kf6 36. g4 Ra3 37. fxg6 fxg6 38. h4 Rb3 39. Rc6+ Kf7 40. Rc8 Ra3 41. Rc7+ Kf6 42. Rc6+ Kf7 43. Rd6 Rc3 44.
Rb6 Ra3 45. Rc6 Rb3 46. Rd6 Kg7 47. Rc6 Rd3 48. Rb6 Ra3 49. Rc6 Ra4 50. Kf3 Ra3+ 51.
Kf4 Ra4+ 52. Ke5 Rxg4 53. Rc7+ Kf8 54. Kf6 Ke8 55. Rh7 Rxh4 56. Rh8+ Kd7 57. Kxg6 Rh1 58.
Rxh6 Rg1+ 59. Kh7 Re1 60. Rg6 Ke7 61. Kg7 Rf1 62. Rg5 Rf7+ 63. Kg6 Rf6+ 64. Kh5 Rd6 65.
Rf5 Ke6 66. Kg5 Rd5 67. Rxd5 Kxd5 1/2-1/2

[Event "*** SCC Grand Prix: Titled Tuesday Blitz"]
[Site "Chess.com"]
[Date "2020.09.08"]
[Round "1"]
[White "fighter2jz"]
[Black "sasko1234"]
[Result "0-1"]
[WhiteElo "2705"]
[BlackElo "2395"]
[TimeControl "180+1"]
[EndTime "10:07:47 PDT"]
[Termination "sasko1234 won by resignation"]

1. e4 d6 2. Nc3 Nf6 3. Nf3 Bg4 4. Be2 e6 5. O-O Be7 6. d4 d5 7. e5 Nfd7 8. h3 Bh5 9. Nb1 O-O 10. Be3 c5 11. c3 Nc6 12. Nbd2 Rc8 13. a3 cxd4 14.
cxd4 a5 15. g4 Bg6 16. Ne1 Qb6 17. f4 f5 18. Nef3 fxg4 19. hxg4 Qxb2 20. f5 exf5 21. Rb1 Qxa3 22. Rb3 Qa2 23. Rxb7 Qa3 24. Rb3 Qa2 25. Rb7 Qa3 26. Bf2 fxg4 27. Rxd7 gxf3 28. Bxf3 Bf5 29. Bxd5+ Kh8 30. Rb7 Bh3 31. Rb3 Qa2 32. Qh5 Bf5 33.
Nf3 Qe2 34. Re3 Qc2 35. Ng5 Bxg5 36. Qxg5 Nxd4 37. Rg3 Ne2+ 38. Kh2 Nxg3 39. Qxg3 Rc3 40. Qf4 Rcc8 41. Qe3 Bd3 42. Kg1 Bxf1 43. Kxf1 Qd1+ 44.
Kg2 Qxd5+ 45. Kg3 Qe6 0-1

[Event "*** SCC Grand Prix: Titled Tuesday Blitz"]
[Site "Chess.com"]
[Date "2020.09.08"]
[Round "1"]
[White "BilodeauA"]
[Black "chigorin28"]
[Result "1-0"]
[WhiteElo "2864"]
[BlackElo "2430"]
[TimeControl "180+1"]
[EndTime "10:07:48 PDT"]
[Termination "BilodeauA won on time"]

1. d4 Nf6 2. Nc3 d5 3. Bf4 a6 4. e3 e6 5. g4 Bd6 6. Qf3 h6 7. h4 Bxf4 8. Qxf4 Qd6 9. Qxd6 cxd6 10. f3 b5 11. Nge2 Nc6 12. Nf4 Bb7 13. Kf2 Rc8 14. a3 Na5 15. Bd3 e5 16. g5 exf4 17. gxf6 fxe3+ 18. Kxe3 g6 19. h5 Nc4+ 20. Bxc4 dxc4 21. d5 Kd7 22.
Kd4 g5 23. Rae1 Rce8 24. Re4 Rxe4+ 25. fxe4 Re8 26. Ne2 Kc7 27. Ng3 Bc8 28. b3 cxb3 29. cxb3 Kb6 30. Rc1 Bd7 31. b4 Rc8 32. Rxc8 Bxc8 33.
e5 dxe5+ 34. Kxe5 a5 35. Kd6 Bb7 36. Nf5 g4 37. Ng3 axb4 38. axb4 Ba8 39. Ke5 Kc7 40. Nf5 Kd7 41. Kf4 Bxd5 42. Nxh6 Ke8 43. Nxg4 Kf8 44.
Ne3 Ba2 45. Nf5 Bc4 46. Ne7 Bd3 47. Ke3 Bb1 48. Kd4 Ba2 49. h6 Bb1 50. Ke5 Bd3 51.
Kd6 Ke8 52. Kd5 Kd7 53. Ke5 Bc2 54. Nf5 1-0

[Event "*** SCC Grand Prix: Titled Tuesday Blitz"]
[Site "Chess.com"]
[Date "2020.09.08"]
[Round "1"]
[White "PavelChernomordik"]
[Black "PavelShkapenko"]
[Result "0-1"]
[WhiteElo "2351"]
[BlackElo "2684"]
[TimeControl "180+1"]
[EndTime "10:07:48 PDT"]
[Termination "PavelShkapenko won on time"]

1. e4 c5 2. Nc3 e6 3. f4 d5 4. Nf3 dxe4 5. Bb5+ Bd7 6. Bxd7+ Nxd7 7. Nxe4 Ngf6 8. Qe2 Be7 9. f5 Qb6 10. Nxf6+ Nxf6 11. fxe6 Qxe6 12. Qxe6 fxe6 13. O-O Nd5 14. c3 Bf6 15. Re1 Kf7 16. d3 Rhd8 17. Bg5 Rd7 18. Ne5+ Bxe5 19. Rxe5 b6 20. Rf1+ Nf6 21. Rfe1 Re8 22.
R1e3 Ng4 23. Rf3+ Kg6 24. Bf4 Nxe5 25. Bxe5 h6 26. g4 Rf7 27. Re3 Kh7 28. Kg2 b5 29. Bd6 c4 30. d4 Rd7 31. Bg3 a5 32. Re5 Rd5 33. Re2 b4 34. Be1 Rb5 35. Kf3 Kg8 36. Ke4 Kf7 37. Rf2+ Ke7 38. Rf3 Rf8 39. Bh4+ g5 40.
Rxf8 Kxf8 41. Be1 Ke7 42. h4 gxh4 43. Bxh4+ Kf7 44. Be1 Kg6 45. Bd2 bxc3 46. Bxc3 a4 47. a3 Kg5 48. Kf3 Rb7 49. Bd2+ Kg6 50. Bc1 Rb3+ 51. Ke4 Rd3 52. Ke5 Rd1 53. Bf4 Re1+ 54.
Kd6 Re2 0-1

[Event "*** SCC Grand Prix: Titled Tuesday Blitz"]
[Site "Chess.com"]
[Date "2020.09.08"]
[Round "1"]
[White "kinga2008"]
[Black "louis198"]
[Result "1-0"]
[WhiteElo "2147"]
[BlackElo "2498"]
[TimeControl "180+1"]
[EndTime "10:07:48 PDT"]
[Termination "kinga2008 won by resignation"]

1. e4 e6 2. d4 d5 3. Nc3 dxe4 4. Nxe4 Bd7 5. Bg5 Be7 6. Nf3 Bc6 7. Bxe7 Nxe7 8.
Bd3 Nf5 9. c3 Nd6 10. Nxd6+ cxd6 11. O-O h6 12. c4 O-O 13. Bc2 Nd7 14. d5 exd5 15.
cxd5 Bb5 16. Re1 Rc8 17. Nd4 Ba6 18. Bd3 Bxd3 19. Qxd3 Ne5 20. Qb3 Qd7 21. Rac1 Rxc1 22. Rxc1 Rc8 23. Rxc8+ Qxc8 24. h3 a6 25. Kh2 Qc5 26. Nf3 Qxf2 27. Nxe5 Qf4+ 28. Kh1 dxe5 29. Qxb7 e4 30. Qxa6 Qc1+ 31. Kh2 Qxb2 32. Qc8+ Kh7 33. Qf5+ Kg8 34. Qxe4 Qxa2 35. Qe8+ Kh7 36. Qxf7 Qd2 37. Qf5+ Kh8 38. Qf3 Kg8 39. h4 Qd4 40. g3 g5 41. Kh3 Kg7 42. h5 Qe5 43. Qd3 g4+ 44. Kxg4 Qg5+ 45. Kh3 Qxh5+ 46. Kg2 Qe8 47. d6 Qc6+ 48.
Kh3 Qd7+ 49. g4 h5 50. Qd4+ Kg8 51. Qd5+ Kg7 52. Qg5+ Kf8 53. Qf5+ Ke8 54. Qxd7+ Kxd7 55. gxh5 Kxd6 56. h6 Ke7 57. h7 Kf7 58. h8=Q Kg6 59. Qe8+ Kg7 60. Qe6 Kf8 61. Qd7 1-0

[Event "*** SCC Grand Prix: Titled Tuesday Blitz"]
[Site "Chess.com"]
[Date "2020.09.08"]
[Round "1"]
[White "midedu"]
[Black "Snowflake"]
[Result "1-0"]
[WhiteElo "2101"]
[BlackElo "2486"]
[TimeControl "180+1"]
[EndTime "10:07:49 PDT"]
[Termination "midedu won by checkmate"]

1. e4 c6 2. d4 d5 3. Nc3 dxe4 4. Nxe4 Bf5 5. Ng3 Bg6 6. Nf3 Nd7 7. Bc4 e6 8. Qe2 Ngf6 9. O-O Be7 10. Re1 Nd5 11. Bb3 O-O 12. c4 N5f6 13. d5 cxd5 14. cxd5 Bb4 15. Rd1 exd5 16. Bxd5 Re8 17. Qb5 Qb6 18.
Qxb6 Nxb6 19. Bxb7 Rab8 20. Bc6 Rec8 21. Bf4 Ra8 22.
Bxa8 Rxa8 23. a3 Bf8 24. Rac1 Na4 25. Be5 Ng4 26. Bd4 a5 27. h3 Nf6 28. Ne5 Rb8 29.
Nc6 Re8 30. Nxa5 h5 31. Rc4 h4 32. Nf1 Re6 33. Bxf6 Nb6 34. Rc6 gxf6 35. Rxe6 fxe6 36.
Ne3 Na4 37. b4 Nc3 38. Rd7 f5 39. Nec4 f4 40. Ne5 Bf5 41. Nac4 Nb1 42. b5 Be4 43. a4 Nc3 44. b6 Nxa4 45. b7 Nc5 46. b8=Q Nxd7 47. Nxd7 f3 48. Qxf8+ Kh7 49. gxf3 Kg6 50.
Nce5+ Kg5 51. f4+ Kh5 52. Qg7 Bg6 53. Nf6# 1-0

[Event "*** SCC Grand Prix: Titled Tuesday Blitz"]
[Site "Chess.com"]
[Date "2020.09.08"]
[Round "1"]
[White "Bacyanide"]
[Black "slavenok"]
[Result "1-0"]
[WhiteElo "2407"]
[BlackElo "2734"]
[TimeControl "180+1"]
[EndTime "10:07:51 PDT"]
[Termination "Bacyanide won by resignation"]

1. d4 d5 2. c4 e6 3. Nc3 Nf6 4. cxd5 Nxd5 5. e4 Nxc3 6. bxc3 c5 7. Rb1 cxd4 8. cxd4 Be7 9. Nf3 O-O 10. h4 b6 11. h5 Bb7 12. h6 g6 13. Bd3 Nc6 14.
Be3 Nb4 15. O-O Nxd3 16. Qxd3 Rc8 17. Rbc1 Qd6 18. Ne5 Rfd8 19. f4 Bf6 20. Bf2 Rxc1 21. Rxc1 Bxe5 22. fxe5 Qe7 23. Qe3 f5 24. exf6 Qxf6 25.
Rc7 Ba8 26. Qf3 Qxf3 27. gxf3 b5 28. Rxa7 b4 29. Bh4 Rf8 30. Kg2 Bc6 31. Rg7+ Kh8 32. Be7 Rg8 33. Rf7 Ra8 34. Bf6+ Kg8 35. Rg7+ Kf8 36.
Rxh7 Rxa2+ 37. Kg3 Ra5 38. Rc7 Rh5 39. Bg7+ Kg8 40.
Rxc6 b3 41. Rb6 Kf7 42. Rxb3 g5 43. Rb7+ Kg6 44. Re7 e5 45. Re6+ Kh7 46. dxe5 Rh1 47. Rf6 g4 48. Kf2 Rc1 49. fxg4 Rc2+ 50. Kg3 Rc3+ 51. Kh4 Rc4 52. Kg5 Rc6 53. e6 Rc5+ 54. Kf4 Rc1 55. e7 Rf1+ 56. Ke5 Rd1 57. Rf8 Rd5+ 58.
exd5 1-0